 Dungeon Crawl Stone Soup version 0.27.0-1-g7a089689b8 (webtiles) character file.

Game seed: 8320059525884084450

1020 Acheron the Covered (level 8, -1/68 HPs)
             Began as a Minotaur Warper on Aug 16, 2021.
             Slain by a gnoll sergeant (10 damage)
             ... on level 7 of the Dungeon.
             The game lasted 00:17:19 (5182 turns).

Acheron the Covered (Minotaur Warper)               Turns: 5182, Time: 00:17:20

Health: -1/68      AC:  7    Str: 15    XL:     8   Next: 2%
Magic:  9/9        EV: 12    Int: 10    God:
Gold:   132        SH:  0    Dex: 13    Spells: 9/9 levels left

rFire    . . .     SeeInvis +   a - +0 hand axe
rCold    . . .     Faith    .   (no shield)
rNeg     . . .     Spirit   .   e - +1 ring mail
rPois    .         Reflect  .   (helmet restricted)
rElec    .         Harm     .   (no cloak)
rCorr    .         Rampage  .   (no gloves)
Will     .....                  (no boots)
Stlth    +.........             (no amulet)
HPRegen  0.21/turn              j - ring of see invisible
MPRegen  0.11/turn              (no ring)

@: hasted, very quick
A: horns 2, retaliatory headbutt
a: no special abilities


You were on level 7 of the Dungeon.
You visited 1 branch of the dungeon, and saw 8 of its levels.

You collected 132 gold pieces.

Inventory:

Hand Weapons
 a - a +0 hand axe (weapon)
Missiles
 d - 5 boomerangs of dispersal
 f - 40 poisoned darts (quivered)
Armour
 e - a +1 ring mail (worn)
Jewellery
 j - a ring of see invisible (left hand)
Scrolls
 b - a scroll of fog
 c - 3 scrolls of blinking
Potions
 i - a potion of berserk rage {unknown}
 k - a potion of degeneration {unknown}
 l - a potion of mutation {unknown}
 m - a potion of lignification {unknown}
 o - 2 potions of curing


   Skills:
 * Level 5.3 Fighting
 + Level 4.8 Axes
 * Level 3.0 Throwing
 * Level 6.2 Armour
 * Level 3.9 Dodging
 * Level 2.5 Stealth
 + Level 1.4 Spellcasting
 + Level 2.3 Translocations


You had 9 spell levels left.
You didn't know any spells.
Your spell library contained the following spells:

 Spells                   Type           Power      Damage    Failure   Level
 Blink                    Tloc           N/A        N/A       34%         2
 Gell's Gravitas          Tloc           2%         N/A       56%         3
 Lesser Beckoning         Tloc           2%         N/A       56%         3
 Teleport Other           Tloc           5%         N/A       56%         3
 Slow                     Hex            0%         N/A       65%         2
 Sublimation of Blood     Necr           0%         N/A       65%         2
 Confusing Touch          Hex            0%         N/A       87%         3
 Conjure Flame            Conj/Fire      0%         6-21      87%         3
 Ignite Poison            Fire/Tmut/Pois 0%         N/A       87%         3
 Vampiric Draining        Necr           0%         2d6       87%         3
 Petrify                  Tmut/Erth      0%         N/A       99%         4
 Sticky Flame             Conj/Fire      0%         2d3       99%         4
 Manifold Assault         Tloc           5%         N/A       99%         5
 Irradiate                Conj/Tmut      0%         3d14      100%        5


Dungeon Overview and Level Annotations

Branches:
Dungeon (8/15)
 Temple: D:4-7         Lair: D:8-11

Altars:
The Shining One

Annotations:
D:6 2 runed translucent doors


Innate Abilities, Weirdness & Mutations

You have a pair of horns on your head.
You reflexively headbutt those who attack you in melee.


Message History

The ice beast hits you but does no damage.
You hit the ice beast.
The ice beast is severely wounded.
The ice beast hits you but does no damage.
You hit the ice beast.
The ice beast is almost dead.
The ice beast hits you but does no damage.
You hit the ice beast but do no damage.
You headbutt the ice beast, but do no damage.
The ice beast is almost dead.
The ice beast closely misses you.
You hit the ice beast.
You kill the ice beast!
You have reached level 8!
You feel agile.
You start resting.
A gnoll sergeant is nearby!
The gnoll sergeant hits you from afar with a +1 vorpal trident!
The gnoll sergeant drinks a potion.
The gnoll sergeant seems to speed up.
You hit the gnoll sergeant.
Your headbutt misses the gnoll sergeant.
The gnoll sergeant is lightly wounded.
The gnoll sergeant barely misses you.
You hit the gnoll sergeant but do no damage.
You headbutt the gnoll sergeant.
The gnoll sergeant is lightly wounded.
The gnoll sergeant hits you with a +1 vorpal trident!
The gnoll sergeant misses you.
Your ring mail prevents you from hitting the gnoll sergeant.
The gnoll sergeant is lightly wounded.
The gnoll sergeant hits you with a +1 vorpal trident. x2
You hit the gnoll sergeant but do no damage.
The gnoll sergeant is lightly wounded.
The gnoll sergeant hits you but does no damage.
You aren't carrying any items that you can evoke.
You feel yourself speed up.
The gnoll sergeant hits you with a +1 vorpal trident!
* * * LOW HITPOINT WARNING * * *
x2 The gnoll sergeant hits you with a +1 vorpal trident!
You die...

##################
#.........#.......
#.........#...[...
####.####.###..###..
#..#.####.###..###..
#..@g#....#.........
#....#....#.........
##################..########..
###....#....###..###.g####..##..
#.....#............#............
#.....#............#............
#.....'............#............
#.....#............#............
#..##.####..###...##..########..


You could see a gnoll sergeant (fast).

Vanquished Creatures
  A sky beast (D:6)
  An ice beast (D:7)
  A necrophage (D:6)
  2 phantoms
  3 scorpions (D:5)
  A centaur zombie (D:5)
  An orc priest (D:7)
  3 hounds
  A bullfrog skeleton (D:2)
  2 orc wizards (D:7)
  4 gnolls
  6 adders
  A howler monkey skeleton (D:6)
  A shadow imp (D:5)
  2 ufetubi
  A worm (D:3)
  2 dart slugs (D:2)
  5 orcs
  5 endoplasms
  A giant cockroach (D:3)
  5 hobgoblins
  15 jackals
  2 quokkas (D:4)
  4 ball pythons
  6 bats
  2 goblins
  5 kobolds
  7 rats
90 creatures vanquished.

Notes
Turn   | Place    | Note
-------+----------+-------------------------------------------
     0 | D:1      | Acheron the Minotaur Warper began the quest for the Orb.
     0 | D:1      | Reached XP level 1. HP: 18/18 MP: 1/1
   319 | D:1      | Reached XP level 2. HP: 24/25 MP: 3/3
   528 | D:2      | Noticed an ogre
   777 | D:3      | Reached XP level 3. HP: 29/30 MP: 4/4
   832 | D:2      | Reached skill level 2 in Armour
  1354 | D:2      | Reached XP level 4. HP: 21/38 MP: 5/5
  1605 | D:3      | Found a glowing golden altar of the Shining One.
  1659 | D:3      | Reached skill level 1 in Stealth
  1793 | D:3      | Reached skill level 3 in Armour
  1946 | D:4      | Noticed an ogre
  2101 | D:4      | Noticed a phantom
  2106 | D:4      | Reached XP level 5. HP: 43/46 MP: 6/6
  2125 | D:4      | Killed a phantom
  2550 | D:5      | Entered Level 5 of the Dungeon
  2577 | D:5      | Reached skill level 4 in Armour
  2580 | D:5      | Reached XP level 6. HP: 36/52 MP: 7/7
  3446 | D:8      | Noticed an orc warrior
  3446 | D:8      | Noticed a steam dragon
  3747 | D:7      | Reached skill level 5 in Armour
  3751 | D:7      | Reached XP level 7. HP: 44/60 MP: 8/8
  3959 | D:6      | Found a large runed translucent door.
  3959 | D:6      | Found a large runed translucent door.
  4812 | D:5      | Reached skill level 5 in Fighting
  4837 | D:5      | Reached skill level 6 in Armour
  5080 | D:7      | Reached XP level 8. HP: 39/68 MP: 9/9
  5182 | D:7      | Slain by a gnoll sergeant

Illustrated notes

Levels and vault maps discovered:
D:1:      dpeg_arrival_connections, layout_basic, minmay_liquid_box
D:2:      layout_basic
D:3:      layout_loops_cross, overflow_temple_1_default
D:4:      layout_basic, uniq_edmund, uniq_sigmund
D:5:      layout_loops_ring
D:6:      layout_layer_cave, jmf_multi_god_temple2,
          minmay_temple_entry_enclosed_plants, portal_sewer_entry_b
D:7:      layout_gridville, makhleb_altar_promises_db
D:8:      layout_cave_pools, lair_entry_dummy

Skill      XL: |  1  2  3  4  5  6  7 |
---------------+----------------------+-----
Armour         | 2 3 4 5 6 |  6.2
Fighting       | 3 4 5 |  5.3
Stealth        | 1 2 |  2.5
Axes           | 3 4 |  4.8
Throwing       | 2 3 |  3.0
Dodging        | 3 |  3.9
Spellcasting   | |  1.4
Translocations | |  2.3

Action                   |  1- 3 |  4- 6 |  7- 9 || total
-------------------------+-------+-------+-------++-------
Melee: Hand axe          |    55 |   146 |   103 ||   304
       Headbutt          |     7 |    24 |    15 ||    46
Throw: Dart              |       |       |     4 ||     4
  Use: Scroll            |       |     5 |     2 ||     7
       Potion            |       |     1 |     1 ||     2
Armor: Ring mail         |    29 |    70 |    30 ||   129
Dodge: Dodged            |    68 |   125 |    53 ||   246
